Map: Disco Bloodbath LE

Players

DnS

  • Race: Protoss Protoss
  • Spawn Location: 3:00

Denver - Winner!

  • Race: Zerg Zerg
  • Spawn Location: 9:00

VOD

Have the link to the VOD?

Description

Time

  • Played on: Sept. 7, 2019, 1:43 p.m.
  • Length: 13:50
Show
View Real Time Build Order
Export as new Build Order

DnS Protoss 

Build Orders: 1 Gate Expand, Archon Immortal, Archon Drop, Dark Templar Rush 

Get SALT Encoding   

  12  0:00  Probe  
  13  0:12  Probe  
  14  0:18  Pylon  
  14  0:24  Probe  
  15  0:32  Probe  
  15  0:38  Gateway  
  15  0:40  Probe  
  16  0:47  Assimilator  
  17  0:51  Probe  
  18  1:03  Probe  
  19  1:15  Probe  
  20  1:23  Nexus  
  20  1:33  Cybernetics Core  
  20  1:36  Probe  
  21  1:43  Assimilator  
  21  1:48  Probe  
  21  1:51  Pylon  
  22  1:59  Stalker  
  22  2:00  Probe  
  23  2:08  Probe  
  23  2:14  Warp Gate  
  26  2:16  Probe  
  27  2:26  Probe  
  27  2:27  Twilight Council  
  28  2:31  Probe  
  29  2:37  Zealot  
  29  2:39  Probe x2  
  33  2:50  Probe  
  33  2:51  Probe  
  34  2:54  Robotics Facility  
  35  3:02  Probe  
  35  3:03  Probe  
  37  3:10  Probe  
  37  3:11  Dark Shrine  
  37  3:15  Probe  
  37  3:16  Gateway  
  37  3:18  Probe  
  40  3:27  Probe  
  40  3:28  Probe  
  40  3:31  Gateway  
  40  3:33  Warp Prism  
  42  3:34  Gateway  
  42  3:47  Pylon  
  44  3:48  Probe  
  44  3:49  Probe  
  44  3:53  Assimilator  
  46  3:57  Assimilator  
  46  4:05  Probe x2  
  46  4:06  Pylon, Adept  
  50  4:17  Probe x2  
  52  4:29  Probe  
  52  4:30  Probe  
  54  4:34  Dark Templar x3  
  54  4:35  Dark Templar  
  62  4:38  Archon  
  62  4:39  Archon  
  62  4:43  Pylon  
  62  4:46  Nexus  
  62  4:52  Forge  
  62  5:01  Observer, Probe x2  
  65  5:09  Protoss Ground Weapons Level 1  
  65  5:13  Probe x2  
  67  5:17  Sentry  
  67  5:18  Pylon  
  67  5:19  Pylon  
  69  5:21  Shield Battery  
  69  5:23  Charge  
  69  5:24  Immortal  
  69  5:25  Probe  
  70  5:29  Probe  
  69  5:36  Zealot, Dark Templar  
  69  5:38  Probe  
  69  5:41  Probe  
  75  5:50  Probe  
  75  5:52  Sentry x2  
  75  5:54  Probe  
  81  5:59  Gateway x2, Probe  
  81  6:02  Immortal, Probe  
  83  6:05  Gateway  
  83  6:07  Probe  
  83  6:08  Gateway  
  84  6:15  Probe  
  84  6:16  Probe  
  90  6:30  Probe  
  90  6:31  Dark Templar  
  90  6:32  Zealot x2, Dark Templar  
  95  6:34  Probe  
  95  6:36  Pylon x2, Archon  
  95  6:39  Probe  
  101  6:41  Assimilator  
  101  6:43  Assimilator  
  101  6:52  Immortal  
  105  6:55  Dark Templar  
  105  6:56  Zealot, Dark Templar  
  105  6:57  Zealot  
  113  7:09  Stalker  
  113  7:10  Zealot  
  117  7:17  Protoss Ground Weapons Level 2  
  117  7:18  Shield Battery x2  
  117  7:20  Shield Battery  
  117  7:21  Shield Battery  
  117  7:26  Pylon  
  117  7:37  Immortal  
  117  7:44  Probe x3  
  123  7:50  Pylon x2  
  124  7:52  Pylon  
  124  7:53  Templar Archives, Pylon  
  124  7:55  Pylon  
  124  8:02  Photon Cannon  
  124  8:04  Photon Cannon  
  124  8:06  Immortal, Pylon  
  124  8:09  Dark Templar x3  
  129  8:17  Archon, Dark Templar  
  135  8:20  Archon  
  135  8:22  Dark Templar  
  137  8:29  Archon  
  137  8:37  Zealot x3  
  143  8:46  Pylon  
  143  8:47  Pylon  
  147  8:51  Nexus  
  147  8:53  Pylon  
  147  8:55  Stalker  
  147  8:58  Zealot x7  
  163  9:08  Photon Cannon  
  163  9:10  Photon Cannon  
  163  9:11  Photon Cannon x2  
  159  9:20  Zealot x5, Dark Templar  
  171  9:25  Zealot  
  151  9:40  Stalker  
  151  9:41  Immortal, Stalker x5  
  123  9:46  Protoss Ground Weapons Level 3  
  123  9:51  Blink  
  109  9:54  Stalker  
  95  10:12  Probe  
  96  10:18  Probe x2  
  98  10:22  Dark Templar x4  
  98  10:24  Probe, Sentry x2  
  98  10:27  Archon x2  
  108  10:38  Zealot x2  
  112  10:44  Immortal, Probe x3  
  114  10:52  Zealot x2  
  116  11:11  Stalker  
  116  11:12  Probe x2, Stalker x4  
  116  11:15  Probe  
  125  11:20  Stalker x3  
  125  11:24  Probe  
  130  11:35  Stalker  
  130  11:36  Stalker x4  
  130  11:38  Probe  
  140  11:42  Probe x2  
  142  11:50  Probe  
  126  11:58  Immortal  
  120  12:13  Templar Archives  
  120  12:21  Probe x3  
  118  12:28  Zealot x4  
  107  12:33  Probe x2  
  107  12:34  Zealot x2  
  81  12:51  High Templar  
  81  12:52  High Templar x5  
  81  12:55  Archon  
  81  12:56  High Templar, Archon x2  
  81  12:57  High Templar  
  76  13:01  Archon  
  45  13:35  Stalker  
Show
View Real Time Build Order
Export as new Build Order

Denver Zerg - Winner!

Build Orders: Hatch First, Muta Ling Bane 

Get SALT Encoding   

  12  0:00  Drone  
  13  0:12  Overlord  
  13  0:16  Drone  
  14  0:30  Drone  
  14  0:31  Drone  
  16  0:48  Hatchery  
  15  0:51  Drone  
  15  0:55  Drone  
  17  0:59  Drone  
  18  1:08  Extractor  
  17  1:14  Spawning Pool  
  17  1:17  Drone  
  17  1:21  Drone  
  18  1:29  Drone  
  19  1:39  Drone  
  20  1:50  Drone  
  21  2:00  Queen x2  
  25  2:01  Zergling x4  
  27  2:12  Overlord  
  27  2:14  Drone  
  28  2:33  Drone  
  28  2:34  Hatchery  
  28  2:35  Drone  
  28  2:36  Drone x2  
  31  2:40  Pneumatized Carapace  
  31  2:43  Drone  
  32  2:49  Overlord  
  32  2:54  Metabolic Boost  
  32  2:56  Drone  
  33  3:01  Drone  
  34  3:05  Drone  
  34  3:06  Drone  
  34  3:09  Drone x2  
  34  3:10  Drone  
  39  3:15  Drone  
  39  3:18  Queen  
  42  3:25  Overlord, Drone  
  43  3:30  Drone  
  44  3:37  Overlord  
  44  3:42  Roach Warren  
  44  3:44  Drone x5  
  48  3:48  Extractor  
  48  3:49  Queen  
  48  3:55  Drone x3  
  52  4:00  Spore Crawler, Drone  
  52  4:02  Drone  
  53  4:04  Drone  
  54  4:10  Spore Crawler x2  
  54  4:11  Drone  
  54  4:14  Drone  
  54  4:18  Queen  
  54  4:20  Zergling x2  
  54  4:21  Zergling x2  
  58  4:24  Zergling x4  
  58  4:29  Zergling x6  
  58  4:30  Zergling x2  
  64  4:33  Overlord  
  64  4:38  Lair  
  64  4:42  Roach  
  64  4:43  Overlord  
  66  4:47  Overlord  
  66  4:51  Overlord  
  66  4:53  Roach x3  
  72  5:00  Drone x2  
  72  5:08  Roach x4  
  72  5:09  Drone  
  72  5:10  Drone  
  72  5:12  Drone x2  
  84  5:19  Drone x5  
  84  5:20  Drone  
  90  5:22  Drone  
  86  5:35  Drone  
  86  5:36  Drone x3  
  86  5:39  Glial Reconstitution  
  86  5:40  Queen  
  86  5:41  Extractor, Burrow  
  86  5:42  Nydus Network  
  86  5:48  Extractor  
  86  5:49  Drone x5  
  85  5:50  Extractor, Drone  
  85  5:54  Drone x3  
  85  5:55  Drone  
  85  5:56  Overseer  
  86  5:57  Extractor  
  86  6:00  Overlord  
  86  6:02  Overlord  
  85  6:11  Overseer  
  85  6:12  Overlord x2  
  84  6:28  Overlord, Roach x7  
  84  6:29  Overlord  
  97  6:39  Roach x3  
  103  6:42  Evolution Chamber  
  103  6:43  Hatchery  
  101  6:47  Roach x2  
  101  6:48  Nydus Canal, Roach  
  101  6:51  Overlord  
  107  6:54  Overseer  
  107  6:56  Drone x4  
  111  7:03  Nydus Canal  
  111  7:06  Drone  
  112  7:09  Drone x6  
  118  7:20  Zerg Missile Weapons Level 1, Spire, Overseer  
  118  7:21  Drone  
  118  7:22  Baneling Nest  
  117  7:28  Nydus Canal  
  117  7:29  Overlord, Roach x5  
  127  7:33  Overlord  
  127  7:36  Overlord  
  127  7:37  Overlord  
  127  7:42  Overlord  
  127  7:43  Overlord, Roach x2  
  127  7:45  Overlord  
  127  7:50  Overseer  
  127  7:51  Drone  
  127  8:03  Queen  
  127  8:04  Spore Crawler  
  127  8:05  Centrifical Hooks  
  128  8:07  Drone x4  
  130  8:13  Drone x3  
  130  8:15  Extractor  
  130  8:16  Nydus Canal, Extractor  
  131  8:32  Overlord  
  131  8:33  Mutalisk x10  
  151  8:36  Overlord  
  151  8:38  Overseer  
  151  8:39  Zergling x16, Overseer, Roach x23  
  151  8:40  Roach  
  151  8:41  Ravager  
  162  8:48  Overlord  
  162  8:49  Roach x4  
  162  8:54  Roach x3  
  176  9:04  Zergling x2  
  176  9:05  Zergling x18  
  176  9:09  Ravager  
  191  9:10  Ravager x5  
  191  9:12  Baneling  
  191  9:13  Baneling  
  191  9:14  Zergling x8  
  196  9:22  Baneling x8  
  196  9:23  Zergling x2  
  196  9:24  Zergling x10  
  172  9:38  Zergling x2  
  172  9:39  Zergling x20  
  172  9:45  Roach x2  
  135  9:55  Mutalisk x4  
  135  9:59  Drone x4  
  132  10:05  Drone  
  132  10:06  Drone  
  131  10:09  Drone x2  
  132  10:16  Drone, Queen  
  132  10:17  Drone x2  
  132  10:19  Queen  
  132  10:20  Mutalisk  
  141  10:31  Mutalisk  
  141  10:32  Mutalisk x3  
  148  10:45  Roach x6  
  148  10:46  Baneling  
  148  10:47  Baneling x4  
  148  10:49  Zergling x2  
  163  10:50  Zergling x4  
  163  10:52  Queen  
  165  11:07  Zergling x20  
  171  11:18  Mutalisk x6  
  183  11:28  Overseer, Zerg Flyer Weapons Level 1  
  183  11:30  Drone x6  
  187  11:45  Roach x7  
  198  11:51  Baneling x12  
  198  11:52  Baneling  
  173  12:09  Hatchery  
  173  12:13  Ravager x3  
  174  12:27  Roach x9  
  166  12:39  Spawning Pool  
  166  12:43  Roach x4  
  151  12:50  Roach x3  
  152  12:58  Roach x3  
  150  13:06  Roach  
  150  13:07  Roach x3  
  156  13:13  Ravager x2  
  139  13:27  Zergling x2  
  139  13:28  Zergling x14  
Tags
 
Add a new tag
Caveats
  • Supply blocks, unpowered buildings, or Contaminate may cause inaccurate times.
  • Supply counts are checked every 10 seconds.